 Dungeon Crawl Stone Soup version 0.28.0-53-g5a82cb258f (console) character file.

Game seed: 1069557964310032625

8106 Banquo the Cleaver (level 11, -9/76 HPs)
             Began as an Octopode Fighter on July 30, 2022.
             Was an Initiate of Gozag.
             Mangled by a wyvern (15 damage)
             ... on level 1 of the Lair of Beasts.
             The game lasted 00:31:00 (10966 turns).

Banquo the Cleaver (Octopode Fighter)              Turns: 10966, Time: 00:31:01

Health: -9/76      AC:  1    Str: 19    XL:     11   Next: 25%
Magic:  29/29      EV: 15    Int: 11    God:    Gozag
Gold:   1200       SH:  6    Dex: 15    Spells: 10/10 levels left

rFire   + + .      SeeInvis .   b - +7 flail {flame, rPois rCorr Str+3 Stlth-}
rCold   . . .      Faith    .   D - +1 buckler
rNeg    . . .      Spirit   .   (helmet restricted)
rPois   +          Reflect  .   B - amulet of regeneration
rElec   .          Harm     .   i - ring of protection from fire
rCorr   +          Rampage  .   q - ring of magical power
Will    .....                   s - ring of protection from fire
Stlth   ++........              G - ring of magical power
HPRegen 1.02/turn               (no ring)
MPRegen 0.21/turn               (no ring)
                                (no ring)
                                (no ring)

@: about to teleport
A: almost no armour, amphibious, 8 rings, camouflage 1, gelatinous body 1,
(nimble swimmer 1), tentacles
a: Renounce Religion, Potion Petition, Call Merchant, Bribe Branch


You were on level 1 of the Lair of Beasts.
You worshipped Gozag.
Gozag was most pleased with you.
You visited 3 branches of the dungeon, and saw 11 of its levels.

You collected 1456 gold pieces.
You spent 221 gold pieces at shops.
You paid 35 gold pieces to Gozag.

Inventory:

Hand Weapons
 a - the +5 war axe of Wrath {speed, rF+}
   (You found it on level 8 of the Dungeon)

   Attacks with this weapon are significantly faster.
   rF:        It protects you from fire.
 b - the +7 flail of Termination (weapon) {flame, rPois rCorr Str+3 Stlth-}
   (You bought it in a shop on level 5 of the Dungeon)

   It burns those it strikes, dealing additional fire damage.
   Str:       It affects your strength (+3).
   rPois:     It protects you from poison.
   rCorr:     It protects you from acid and corrosion.
   Stlth:     It makes you less stealthy.
 n - a +1 war axe
 o - a +0 spear
Missiles
 e - 301 stones (quivered)
 g - 12 poisoned darts
 j - 23 sling bullets
 y - 5 javelins
 E - 3 boomerangs
Armour
 D - a +1 buckler (worn)
Magical Staves
 F - a staff of earth
Jewellery
 i - a ring of protection from fire (left tentacle)
 p - an amulet of guardian spirit
 q - a ring of magical power (right tentacle)
 s - a ring of protection from fire (on tentacle)
 B - an amulet of regeneration (around mantle)
 G - a ring of magical power (on tentacle)
Wands
 d - a wand of polymorph (5)
 C - a wand of charming (2)
Scrolls
 f - a scroll of teleportation
 m - a scroll of magic mapping
 r - a scroll of immolation {unknown}
 v - a scroll of brand weapon {unknown}
Potions
 c - a potion of might
 h - 3 potions of mutation {unknown}
 k - 4 potions of flight {unknown}
 l - 2 potions of curing {unknown}
 t - a potion of heal wounds {unknown}
 u - 2 potions of lignification {unknown}
 w - a potion of brilliance
 H - a potion of haste


   Skills:
 * Level 7.7 Fighting
 * Level 13.7 Axes
 * Level 6.5 Dodging
 + Level 2.4 Stealth
 * Level 5.4 Shields


You had 10 spell levels left.
You didn't know any spells.
Your spell library contained the following spells:

 Spells                   Type           Power      Damage    Failure   Level
 Beastly Appendage        Tmut           0%         N/A       41%         1
 Magic Dart               Conj           0%         1d3       41%         1
 Searing Ray              Conj           0%         2d4       56%         2
 Wereblood                Tmut           0%         N/A       56%         2
 Call Canine Familiar     Summ           0%         N/A       80%         3
 Gell's Gravitas          Tloc           0%         N/A       80%         3
 Lesser Beckoning         Tloc           0%         N/A       80%         3
 Portal Projectile        Hex/Tloc       0%         N/A       80%         3
 Spider Form              Tmut/Pois      0%         N/A       80%         3
 Stone Arrow              Conj/Erth      0%         3d7       80%         3
 Teleport Other           Tloc           0%         N/A       80%         3
 Cause Fear               Hex            0%         N/A       99%         4
 Fulminant Prism          Conj/Hex       0%         3d6       99%         4
 Iskenderun's Mystic Bla  Conj/Tloc      0%         2d3       99%         4
 Leda's Liquefaction      Hex/Erth       0%         N/A       99%         4
 Iskenderun's Battlesphe  Conj           0%         2d6       100%        5
 Statue Form              Tmut/Erth      0%         N/A       100%        6
 Dragon Form              Tmut           0%         N/A       100%        7
 Dragon's Call            Summ           0%         N/A       100%        9


Dungeon Overview and Level Annotations

Branches:
Dungeon (9/15)             Temple (1/1) D:4            Lair (1/6) D:8
    Orc: D:9-12

Altars:
Ashenzari
Cheibriados
Dithmenos
Elyvilon
Fedhas
Gozag
Hepliaklqana
Kikubaaqudgha
Makhleb
Qazlal
Ru
Sif Muna
Trog
Vehumet
Wu Jian
Xom
Yredelemnul
Zin
The Shining One

Shops:
D:5 (

Portals:
Abyss: Lair:1

Annotations:
D:4 Sigmund
D:9 Erolcha
Lair:1 2 transporters, Ceckukk's ghost, journeyman GrEE


Innate Abilities, Weirdness & Mutations

You cannot wear most types of armour.
You are amphibious.
You can wear up to eight rings at the same time.
Your skin changes colour to match your surroundings (Stealth+).
Your rubbery body absorbs attacks. (AC +1, EV +1)
((You are camouflaged when in or above water. (Stealth+)))
You have tentacles for arms and can constrict up to eight enemies at once.


Message History

The six-headed hydra closely misses you.
You block the six-headed hydra's attack.
The six-headed hydra bites you. x2; The six-headed hydra bites you!
You block the six-headed hydra's attack.
Unknown command.
You barely miss the six-headed hydra.
The six-headed hydra is lightly wounded.
You block the six-headed hydra's attack.
The six-headed hydra bites you. The six-headed hydra bites you!
The six-headed hydra barely misses you. The six-headed hydra bites you. x2
Unknown command.
You hit the six-headed hydra. You burn the six-headed hydra.
The six-headed hydra is lightly wounded.
The six-headed hydra bites you. The six-headed hydra misses you.
The six-headed hydra completely misses you.
You block the six-headed hydra's attack.
The six-headed hydra closely misses you.
The six-headed hydra bites you.
Press: ? - help, v - describe, . - travel
Here: a six-headed hydra (lightly wounded)
The floor.
The wyvern hisses angrily.
The wyvern misses you. The wyvern completely misses you.
The wyvern closely misses you. The wyvern misses you.
The wyvern completely misses you. The wyvern barely misses you.
The wyvern bites you! The wyvern bites you!
* * * LOW HITPOINT WARNING * * *
You block the wyvern's attack. The wyvern bites you.
* * * LOW HITPOINT WARNING * * *
The wyvern bites you!
* * * LOW HITPOINT WARNING * * *
As you read the scroll of teleportation, it crumbles to dust.
You feel strangely unstable. The wyvern bites you!
You die...
Your body crumbles into a pile of gold.

##..........## ##.
#....###
##..........#.###
#.......
.........#......##
##......
....########.....#
#...... ...#.#
##....### #.....≈
...######## ##.....##
##...... ..###...#.##
##D....# #.......
..###......####.l.###
#####..≈
..##.........###@.#
#...
..##....#...###...#
####... ..#....#....#
#...# #.##...
..#.........###...#
#.....≈
..###....#...##...#
##.....≈
..###.^...#.#.#...#
#......≈
...#####.####.....#
##.....≈ ...##
######..#.## ##.....#
....#####.##....##
#......#


You could see a six-headed hydra and a wyvern.

Vanquished Creatures
  Pikel (D:4)
  A centaur zombie (D:8)
  An elephant (D:8)
  3 komodo dragons (Lair:1)
  A rime drake (Lair:1)
  A wyvern (D:8)
  13 yaks
  A basilisk (Lair:1)
  3 water moccasins
  A sky beast (D:5)
  2 black bears
  An ice beast (D:6)
  An orc warrior (D:8)
  2 necrophages
  3 ogres
  4 centaurs
  7 wolves (Lair:1)
  4 lemures (D:3)
  A phantom (D:6)
  4 bullfrogs
  3 scorpions
  A gnoll sergeant (D:7)
  A water moccasin zombie (D:6)
  A wyvern zombie (D:6)
  A wyvern skeleton (D:6)
  A water moccasin skeleton (D:6)
  A howler monkey (D:8)
  2 bullfrog zombies (D:5)
  4 hounds
  2 jellies
  3 orc priests
  A gnoll shaman (D:7)
  5 iguanas
  5 orc wizards
  2 hound skeletons
  8 gnolls
  6 adders
  A shadow imp (D:6)
  A white imp (D:8)
  An ufetubus (D:7)
  2 adder skeletons
  3 worms
  A dart slug (D:3)
  32 orcs
  3 ball pythons
  4 endoplasms
  A giant cockroach (D:4)
  2 goblins
  8 hobgoblins
  4 kobolds
  6 bats
  3 frilled lizards
  2 rats
176 creatures vanquished.

Vanquished Creatures (others)
  4 fungi (Lair:1)
  22 plants
26 creatures vanquished.

Grand Total: 202 creatures vanquished

Notes
Turn   | Place    | Note
-------+----------+-------------------------------------------
     0 | D:1      | Banquo the Octopode Fighter began the quest for the Orb.
     0 | D:1      | Reached XP level 1. HP: 16/16 MP: 1/1
   460 | D:2      | Reached XP level 2. HP: 21/21 MP: 2/2
   624 | D:2      | Reached skill level 3 in Axes
   716 | D:2      | Reached XP level 3. HP: 24/26 MP: 3/3
  1235 | D:3      | Reached skill level 4 in Axes
  1235 | D:3      | Reached XP level 4. HP: 31/31 MP: 4/4
  1236 | D:3      | Noticed a necrophage
  1250 | D:3      | Killed a necrophage
  1251 | D:3      | Reached XP level 5. HP: 20/36 MP: 5/5
  1524 | D:3      | Got the Papyrus of the Mountains and Confrontation
  1526 | D:3      | Found a glowing silver altar of Zin.
  2190 | D:4      | Found a staircase to the Ecumenical Temple.
  2197 | D:4      | Reached skill level 5 in Axes
  2201 | Temple   | Entered the Ecumenical Temple
  2300 | Temple   | Became a worshipper of Gozag Ym Sagoz the Greedy
  2384 | D:4      | Noticed a lemure
  2404 | D:4      | Noticed Sigmund
  2415 | D:5      | Entered Level 5 of the Dungeon
  2421 | D:5      | Found a stormy altar of Qazlal.
  2460 | D:5      | Noticed an ogre
  2473 | D:5      | Killed an ogre
  2474 | D:5      | Reached XP level 6. HP: 5/42 MP: 6/6
  2976 | D:4      | Noticed a necrophage
  2983 | D:4      | Killed a necrophage
  2984 | D:4      | Reached skill level 6 in Axes
  3147 | D:4      | Noticed Pikel
  3659 | D:5      | Reached XP level 7. HP: 42/46 MP: 7/7
  3988 | D:4      | Killed Pikel
  3989 | D:4      | Reached skill level 7 in Axes
  3989 | D:4      | Reached XP level 8. HP: 20/54 MP: 8/8
  4202 | D:5      | Reached skill level 8 in Axes
  4661 | D:6      | HP: 2/54 [ice beast (12)]
  5010 | D:7      | Reached skill level 9 in Axes
  5022 | D:7      | Identified the +1 scale mail "Xeim" {Str+7 Int+2 Dex+3}
  5178 | D:7      | Found a bloodstained altar of Trog.
  5812 | D:5      | Reached XP level 9. HP: 59/59 MP: 9/9
  5914 | D:5      | Found Gikkosel's Antique Weapon Shop.
  5930 | D:5      | Reached skill level 10 in Axes
  5943 | D:5      | Bought an ancient flail for 221 gold pieces
  5943 | D:5      | Identified the +7 flail of Termination {flame, rPois rCorr
                  | Str+3 Stlth-} (You bought it in a shop on level 5 of the
                  | Dungeon)
  6237 | D:4      | Found a shimmering blue altar of Sif Muna.
  6375 | D:5      | Reached skill level 5 in Fighting
  6776 | D:6      | Reached skill level 5 in Dodging
  7013 | D:6      | Reached skill level 11 in Axes
  7780 | D:8      | Found a shimmering altar of Xom.
  7827 | D:8      | Noticed an elephant
  7939 | D:8      | Reached XP level 10. HP: 68/68 MP: 10/10
  8048 | D:8      | Identified the +5 war axe of Wrath {speed, rF+}
  8099 | D:8      | Reached skill level 12 in Axes
  8375 | D:8      | Found a staircase to the Lair.
  8480 | D:8      | Killed an elephant
  8779 | D:8      | Found a sacrificial altar of Ru.
  8879 | D:8      | Found a shimmering altar of Xom.
  8879 | D:8      | Found a shimmering altar of Xom.
  8890 | D:8      | Found a shimmering altar of Xom.
  8890 | D:8      | Found a shimmering altar of Xom.
  8930 | D:8      | Found a staircase to the Lair.
  9420 | D:8      | Found a sacrificial altar of Ru.
  9804 | D:9      | Noticed Erolcha
  9884 | Lair:1   | Entered Level 1 of the Lair of Beasts
  9885 | Lair:1   | Found a transporter.
  9885 | Lair:1   | Noticed a red ugly thing
  9975 | Lair:1   | Reached skill level 13 in Axes
 10008 | Lair:1   | Reached skill level 5 in Shields
 10042 | Lair:1   | Reached skill level 1 in Stealth
 10357 | Lair:1   | Reached XP level 11. HP: 74/75 MP: 11/11
 10378 | Lair:1   | Found the +4 skin of Zhor {*Englaciate rC+++ SInv}
 10769 | Lair:1   | Found a transporter.
 10769 | Lair:1   | Noticed a white ugly thing
 10771 | Lair:1   | Found a one-way gate to the infinite horrors of the Abyss.
 10771 | Lair:1   | Noticed Ceckukk's ghost (journeyman GrEE)
 10776 | Lair:1   | Noticed a green ugly thing
 10776 | Lair:1   | Noticed a green ugly thing
 10780 | Lair:1   | Noticed a harpy
 10780 | Lair:1   | a troll changed into a harpy
 10821 | Lair:1   | Noticed a six-headed hydra
 10966 | Lair:1   | Mangled by a wyvern

Illustrated notes

Levels and vault maps discovered:
D:1:      dpeg_arrival_radiant, layout_rooms
D:2:      layout_rooms
D:3:      layout_loops_ring, lemuel_coloured_pillars_altar, minivault_11,
          serial_bayou_pond_c, grunt_ministairs_8
D:4:      layout_gridville, lemuel_crystal_altar,
          minmay_temple_entry_purple_smoke, uniq_pikel, uniq_sigmund
D:5:      layout_loops_ring, grunt_qazlal_clouds, serial_glass, glass_columns_c,
          glass_columns_a, serial_shops, nicolae_diamond_shop
D:6:      corexii_shack_village, layout_cave_pools
D:7:      kennysheep_spiral_hall, layout_gridville, bloody_trog,
          enter_ossuary_5, minmay_tree_intersection
D:8:      layout_loops_corners, nicolae_ru_awakened_eye, xom_shifter_show,
          david_lair_generic
D:9:      layout_loops_ring, nemelex_diamond_rough_becter, marbit_many_paths,
          dreamdust_deal_with_the_devil, hangedman_abyss_or_decor_slice,
          uniq_erolcha
Temple:   dshaligram_water_room_temple
Lair:1:   layout_concentric_octagons, gammafunk_ghost_abyssal_escape,
          st_stairs_5, hellmonk_guarded_unrand_zhor, serial_bayou_shore_a

Skill      XL: |  1  2  3  4  5  6  7  8  9 10 11 |
---------------+----------------------------------+-----
Axes           | 3 4 5 6 7 9 11 13 | 13.7
Dodging        | 4 5 6 |  6.5
Fighting       | 4 5 7 |  7.7
Shields        | 4 5 |  5.4
Stealth        | 1 2 |  2.4

Action                   |  1- 3 |  4- 6 |  7- 9 | 10-12 || total
-------------------------+-------+-------+-------+-------++-------
Melee: War axe           |    37 |    80 |   172 |   153 ||   442
       Constrict         |     8 |    16 |    44 |    12 ||    80
       Tentacles         |     4 |    18 |    48 |    47 ||   117
       Punch             |       |       |     3 |     3 ||     6
       Flail             |       |       |    72 |    11 ||    83
Throw: Stone             |       |       |     1 |     2 ||     3
  Use: Scroll            |       |       |    11 |     1 ||    12
 Stab: Sleeping          |     3 |     3 |     3 |     3 ||    12
       Distracted        |       |       |     1 |     1 ||     2
Armor: Skin              |     2 |     4 |     8 |     3 ||    17
Dodge: Dodged            |    22 |    38 |   115 |    59 ||   234
Block: Buckler           |     6 |    14 |    46 |    33 ||    99
